 Dungeon Crawl Stone Soup version 0.27-a0-385-g3208abaabc (webtiles) character file.

Game seed: 10678281727650909619

4318 wakim the Carver (level 10, -9/90 HPs)
             Began as a Minotaur Fighter on Feb 19, 2021.
             Was an Initiate of Trog.
             Killed from afar by Erica (17 damage)
             ... with a lance of force
             ... on level 7 of the Dungeon.
             The game lasted 00:15:58 (6067 turns).

wakim the Carver (Minotaur Fighter)                 Turns: 6067, Time: 00:15:59

Health: -9/90      AC: 13    Str: 23    XL:     10   Next: 11%
Magic:  18/18      EV: 10    Int:  6    God:    Trog [......]
Gold:   314        SH: 11    Dex: 10    Spells: 9/9 levels left

rFire    . . .     SeeInvis .   a - +0 long sword
rCold    . . .     Faith    .   c - +0 kite shield
rNeg     . . .     Spirit   .   t - +3 scale mail
rPois    +         Reflect  .   (helmet restricted)
rElec    .         Harm     .   C - +1 cloak {rPois}
rCorr    .         Rampage  .   (no gloves)
Will     .....                  (no boots)
Stlth    ..........             s - amulet of regeneration
HPRegen  1.25/turn              D - ring of magical power
MPRegen  0.16/turn              (no ring)

@: slowed, very slow
A: retaliatory headbutt, horns 2
a: Renounce Religion


You were on level 7 of the Dungeon.
You worshipped Trog.
Trog was noncommittal.
You visited 2 branches of the dungeon, and saw 9 of its levels.

You collected 314 gold pieces.

Inventory:

Hand Weapons
 a - a +0 long sword (weapon)
 b - the +7 hunting sling of Extremism {speed, rC+}
   (You found it on level 5 of the Dungeon)

   Attacks with this weapon are significantly faster.
   It protects you from cold.
 y - a +3 vorpal fustibalus
Missiles
 z - 73 sling bullets
Armour
 c - a +0 kite shield (worn)
 t - a +3 scale mail (worn)
 C - a +1 cloak of poison resistance (worn)
Jewellery
 s - an amulet of regeneration (around neck)
 w - an amulet of faith
 D - a ring of magical power (left hand)
Wands
 m - a wand of flame (19)
 v - a wand of mindburst (9)
 B - a wand of iceblast (17)
Scrolls
 e - a scroll of amnesia {unknown}
 f - a scroll of fog {unknown}
 g - 5 scrolls of enchant armour {unknown}
 o - 5 scrolls of teleportation
 p - 3 scrolls of blinking {unknown}
 q - 9 scrolls of identify
 r - a scroll of random uselessness {unknown}
 u - a scroll of magic mapping {unknown}
 x - 2 scrolls of enchant weapon {unknown}
 E - a scroll of fear {unknown}
 F - a scroll of immolation {unknown}
Potions
 d - 2 potions of might
 h - a potion of haste {unknown}
 i - a potion of invisibility {unknown}
 j - 4 potions of lignification {unknown}
 k - 4 potions of curing {unknown}
 l - a potion of flight {unknown}
 n - a potion of ambrosia {unknown}
 A - 2 potions of mutation {unknown}


   Skills:
 * Level 8.7 Fighting
 * Level 10.1 Long Blades
 + Level 3.2 Slings
 + Level 7.9 Armour
 + Level 5.7 Dodging
 + Level 7.7 Shields


You had 9 spell levels left.
You didn't know any spells.
Your spell library contained the following spells:

 Spells                   Type           Power        Failure   Level
 Shock                    Conj/Air       0%           96%         1
 Swiftness                Air            0%           99%         2
 Static Discharge         Conj/Air       0%           100%        3
 Airstrike                Air            0%           100%        4
 Lightning Bolt           Conj/Air       0%           100%        5


Dungeon Overview and Level Annotations

Branches:
Dungeon (8/15)             Temple (1/1) D:5
   Lair: D:8-11

Altars:
Ashenzari
Cheibriados
Dithmenos
Elyvilon
Fedhas
Gozag
Hepliaklqana
Kikubaaqudgha
Makhleb
Nemelex Xobeh
Okawaru
Ru
Sif Muna
Trog
Uskayaw
Vehumet
Wu Jian
Xom
Yredelemnul
Zin
The Shining One

Annotations:
D:7 Erica


Innate Abilities, Weirdness & Mutations

You reflexively headbutt those who attack you in melee.
You have a pair of horns on your head.


Message History

You bump into the rock wall.
Something hits you.
* * * LOW HITPOINT WARNING * * *
Something burns you.
* * * LOW HITPOINT WARNING * * *
You hear a zap.
Something tries to affect you, but you resist.
You miss something.
You hear some strange, mumbled words.
Something tries to affect you, but you resist.
Something hits you.
* * * LOW HITPOINT WARNING * * *
Something burns you.
* * * LOW HITPOINT WARNING * * *
You bump into the rock wall.
You feel less confused.
You hear a zap.
Something tries to affect you, but you resist.
The now-empty wand crumbles to dust.
Something hits you but does no damage.
You hit something. You headbutt something! Something hits you!
* * * LOW HITPOINT WARNING * * *
Something burns you.
* * * LOW HITPOINT WARNING * * *
Something hits you!
* * * LOW HITPOINT WARNING * * *
Something burns you.
* * * LOW HITPOINT WARNING * * *
You closely miss something. You headbutt something!
You block something's attack. Something hits you.
* * * LOW HITPOINT WARNING * * *
Something burns you.
* * * LOW HITPOINT WARNING * * *
You closely miss something. Your headbutt misses something.
You hear some strange, mumbled words.
You feel as though you will be slow longer.
You block something's attack.
You barely miss something. Something hits you but does no damage.
You hear some strange, mumbled words.
A lance of force appears from out of thin air!
The lance of force hits you!
You die...

#.####.#......#.#
#.# #.#.####.#.# #.#
#.#[#..#.#.# #.#
#.#....#.#.#
######.#......#.#
#...##.#.##.###.#
#...'..#........#
####...#..####.#####
...#####......h{@#
####..########.###
#..# #.# #..#### #.#
#.....# #.# #.....#
#.# ####.....# #.#
.........#####.#
####...........#


You could see a hound.

Vanquished Creatures
  A two-headed ogre (D:7)
  Pikel (D:7)
  Sigmund (D:4)
  A water moccasin (D:5)
  An orc warrior (D:7)
  3 sky beasts
  A necrophage (D:5)
  6 ogres
  2 centaurs
  A phantom (D:4)
  A kobold brigand (D:6)
  3 bullfrogs (D:7)
  2 scorpions
  5 wights (D:6)
  A howler monkey (D:5)
  A vampire bat (D:4)
  3 bullfrog zombies
  4 orc priests
  4 hounds
  A bullfrog skeleton (D:7)
  A jelly (D:7)
  Crazy Yiuf (D:5)
  2 centaur skeletons
  2 iguanas
  5 orc wizards
  6 worker ants
  A howler monkey zombie (D:5)
  3 gnolls (D:4)
  8 adders
  A shadow imp (D:5)
  An ufetubus (D:5)
  An ooze (D:7)
  An adder skeleton (D:4)
  2 worms
  2 dart slugs
  3 fire bats (D:4)
  4 leopard geckos
  16 orcs
  2 spectral bats (D:4)
  3 bat skeletons (D:4)
  A bat zombie (D:4)
  7 giant cockroaches
  4 goblins
  4 hobgoblins (D:2)
  10 jackals
  9 kobolds
  7 quokkas
  2 ball pythons (D:3)
  15 bats
  A bat simulacrum (D:4)
  10 frilled lizards
  A giant cockroach zombie (D:5)
  8 rats
187 creatures vanquished.

Vanquished Creatures (others)
  An orc wizard (D:6)
  A withered plant (D:6)
2 creatures vanquished.

Grand Total: 189 creatures vanquished

Notes
Turn   | Place    | Note
-------+----------+-------------------------------------------
     0 | D:1      | wakim the Minotaur Fighter began the quest for the Orb.
     0 | D:1      | Reached XP level 1. HP: 19/19 MP: 0/0
    56 | D:1      | Reached XP level 2. HP: 18/27 MP: 1/1
   564 | D:2      | Reached skill level 3 in Long Blades
   598 | D:2      | Reached XP level 3. HP: 32/33 MP: 2/2
  1073 | D:2      | Reached XP level 4. HP: 35/40 MP: 3/3
  1166 | D:2      | Noticed an ogre
  1177 | D:2      | HP: 1/40 [ogre/+0 giant spiked club (7)]
  1180 | D:2      | Killed an ogre
  1181 | D:2      | Reached skill level 4 in Long Blades
  1181 | D:2      | Reached skill level 1 in Dodging
  1181 | D:2      | Reached XP level 5. HP: 2/47 MP: 4/4
  2260 | D:3      | Found a white marble altar of Elyvilon.
  2262 | D:3      | Found an ornate altar of the Wu Jian Council.
  2263 | D:3      | Found a sacrificial altar of Ru.
  2263 | D:3      | Found an opulent altar of Gozag.
  2265 | D:3      | Found a glowing silver altar of Zin.
  2266 | D:3      | Found a snail-covered altar of Cheibriados.
  2270 | D:3      | Reached skill level 5 in Armour
  2300 | D:3      | Reached XP level 6. HP: 53/53 MP: 5/5
  2568 | D:4      | Reached skill level 5 in Long Blades
  2668 | D:4      | Reached skill level 5 in Fighting
  2668 | D:4      | Reached skill level 5 in Shields
  2710 | D:4      | Reached XP level 7. HP: 45/61 MP: 6/6
  2716 | D:4      | Reached skill level 6 in Long Blades
  3056 | D:4      | Noticed Sigmund
  3083 | D:4      | Killed Sigmund
  3084 | D:4      | Reached XP level 8. HP: 28/70 MP: 7/7
  3139 | D:4      | Reached skill level 7 in Long Blades
  3511 | D:5      | Entered Level 5 of the Dungeon
  3589 | D:5      | Reached skill level 8 in Long Blades
  3657 | D:5      | Got an ivory hunting sling
  3671 | D:5      | Identified the +7 hunting sling of Extremism {speed, rC+}
                  | (You found it on level 5 of the Dungeon)
  3890 | D:5      | Found a staircase to the Ecumenical Temple.
  4253 | D:5      | Found a sparkling altar of Nemelex Xobeh.
  4301 | D:5      | Found a runed translucent door.
  4302 | D:5      | Noticed Crazy Yiuf
  4369 | D:5      | Killed Crazy Yiuf
  4468 | D:6      | Reached XP level 9. HP: 78/78 MP: 8/8
  4493 | D:6      | Reached skill level 1 in Slings
  4523 | D:6      | Found a basalt altar of Yredelemnul.
  5063 | D:7      | Noticed Pikel
  5080 | D:7      | Killed Pikel
  5081 | D:7      | Reached skill level 9 in Long Blades
  5081 | D:7      | Reached skill level 5 in Dodging
  5225 | D:7      | Found a hazy altar of Hepliaklqana.
  5770 | Temple   | Entered the Ecumenical Temple
  5893 | Temple   | Became a worshipper of Trog the Wrathful
  5964 | D:8      | Noticed a two-headed ogre
  5969 | D:8      | Noticed Erica
  5981 | D:7      | Killed a two-headed ogre
  5982 | D:7      | Reached skill level 10 in Long Blades
  5982 | D:7      | Reached XP level 10. HP: 20/90 MP: 9/9
  6065 | D:7      | HP: 4/90 [something (1)]
  6067 | D:7      | Killed from afar by Erica

Illustrated notes

Levels and vault maps discovered:
D:1:      lemuel_arrival_room, layout_basic
D:2:      layout_basic
D:3:      layout_basic, grunt_temple_overflow_open
D:4:      layout_loops_ring, serial_bayou_pond_d, goddamned_bats, uniq_sigmund
D:5:      layout_loops_ring, nemelex_xobeh_ov_fountains_minmay,
          minmay_temple_entry_junction_2, uniq_crazy_yiuf_cottage
D:6:      layout_basic, yredelemnul_altar_generic
D:7:      layout_basic, lemuel_doored_altar, minmay_misc_feat_rugged,
          st_stairs_7, eino_tiny_chamber, uniq_pikel
D:8:      layout_rooms, serial_shops, nicolae_shop_crystal, uniq_erica
Temple:   eino_narrow_crystal_temple

Skill      XL: |  1  2  3  4  5  6  7  8  9 |
---------------+----------------------------+-----
Armour         | 4 5 6 7 |  7.9
Long Blades    | 3 4 5 6 8 10 | 10.1
Shields        | 4 5 6 7 |  7.7
Fighting       | 4 5 6 8 |  8.7
Dodging        | 1 2 3 4 5 |  5.7
Slings         | 3 |  3.2

Action                   |  1- 3 |  4- 6 |  7- 9 | 10-12 || total
-------------------------+-------+-------+-------+-------++-------
Melee: Long sword        |    44 |   140 |   402 |    15 ||   601
       Headbutt          |    11 |    21 |    79 |     5 ||   116
       Dagger            |    32 |       |       |       ||    32
 Fire: Hunting sling     |       |       |    18 |       ||    18
  Use: Scroll            |       |     1 |     1 |       ||     2
Armor: Scale mail        |    38 |    88 |   147 |    12 ||   285
Dodge: Dodged            |    35 |    52 |   120 |    14 ||   221
Block: Kite shield       |    42 |   105 |   194 |     3 ||   344
       Rpst.: Long sword |     4 |    12 |    29 |     1 ||    46

Table legend: (Time is in decaauts)
 A = Elapsed time spent in this place.
 B = Non-inter-level travel time spent in this place.
 C = Inter-level travel time spent in this place.
 D = Time resting spent in this place.
 E = Time spent auto-exploring this place.
 F = Levels seen in this place.
 G = Mean time per level.
                   A        B        C        D        E       F      G
               +--------+--------+--------+--------+--------+-----+--------+
         Total |   6215 |   5704 |    511 |    662 |   3593 |   9 |  690.6 |
       Dungeon |   6076 |   5596 |    480 |    662 |   3488 |   8 |  759.5 |
        Temple |    138 |    107 |     31 |      0 |    105 |   1 |  138.0 |
               +--------+--------+--------+--------+--------+-----+--------+

Top non-repeatable levels by time:
     D:2: 1356 daAuts
     D:4: 1091 daAuts
     D:3: 834 daAuts
     D:5: 823 daAuts
     D:7: 787 daAuts
     D:6: 664 daAuts
     D:1: 472 daAuts
  Temple: 138 daAuts
     D:8: 47 daAuts
